 Dungeon Crawl Stone Soup version 0.27-a0-652-g2d5cf1dcd3 (webtiles) character file.

Game seed: 990164038679122243

9122 Johnny the Thaumaturge (level 11, -5/72 HPs)
             Began as a Deep Elf Earth Elementalist on Mar 16, 2021.
             Was an Elder of Okawaru.
             Slain by a black bear (7 damage)
             ... on level 11 of the Dungeon.
             The game lasted 00:14:32 (13719 turns).

Johnny the Thaumaturge (DEEE)                      Turns: 13719, Time: 00:14:32

Health: -5/72      AC: 12    Str:  5    XL:     11   Next: 18%
Magic:  4/28       EV: 11    Int: 24    God:    Okawaru [****..]
Gold:   462        SH: 10    Dex: 15    Spells: 19/32 levels left

rFire    . . .     SeeInvis +   H - +2 trident (venom)
rCold    . . .     Faith    .   z - +0 buckler
rNeg     . . .     Spirit   .   L - +4 troll leather armour
rPois    .         Reflect  +   w - +2 hat {SInv}
rElec    .         Harm     .   c - +0 cloak
rCorr    .         Rampage  .   (no gloves)
Will     ++...                  v - +0 pair of boots
Stlth    ++........             p - amulet of reflection
HPRegen  1.22/turn              b - ring of see invisible
MPRegen  0.21/turn              A - ring of willpower

@: lethally poisoned (-5 -> -6), hasted, very quick
A: no striking features
a: Renounce Religion, Heroism


You were on level 11 of the Dungeon.
You worshipped Okawaru.
Okawaru was greatly pleased with you.
You visited 2 branches of the dungeon, and saw 12 of its levels.

You collected 774 gold pieces.
You spent 312 gold pieces at shops.

Inventory:

Hand Weapons
 H - a +2 trident of venom (weapon)
Armour
 c - a +0 cloak (worn)
 k - a +2 leather armour of cold resistance
 v - a +0 pair of boots (worn)
 w - a +2 hat of see invisible (worn)
 z - a +0 buckler (worn)
 L - a +4 troll leather armour (worn)
Jewellery
 b - a ring of see invisible (right hand)
 e - a ring of fire
 h - a +4 ring of evasion
 p - an amulet of reflection (around neck)
 y - a ring of ice
 A - a ring of willpower (left hand)
 F - a ring of ice
 I - a ring of ice
Wands
 E - a wand of flame (31)
 G - a wand of paralysis (4)
 K - a wand of mindburst (14)
Scrolls
 a - a scroll of teleportation
 d - 4 scrolls of identify
 f - a scroll of immolation
 i - 3 scrolls of magic mapping
 m - 3 scrolls of amnesia
 n - a scroll of holy word
Potions
 g - a potion of haste
 l - 3 potions of brilliance
 q - 2 potions of magic
 r - a potion of might
 t - a potion of ambrosia
 u - a potion of attraction
 x - a potion of berserk rage
 B - 3 potions of curing
 C - 2 potions of mutation
 D - 3 potions of flight


   Skills:
 * Level 9.8 Fighting
 - Level 2.4 Dodging
 - Level 2.4 Stealth
 + Level 4.8 Shields
 + Level 11.1 Spellcasting
 - Level 1.1 Transmutations
 + Level 9.7 Earth Magic


You had 19 spell levels left.
You knew the following spells:

 Your Spells              Type           Power      Damage    Failure   Level
a - Sandblast             Erth           100%       2d20      1%          1
b - Stone Arrow           Conj/Erth      72%        3d11      3%          3
c - Lee's Rapid Deconstr  Erth           28%        3d16*     4%          5
d - Petrify               Tmut/Erth      39%        N/A       9%          4

Your spell library contained the following spells:

 Spells                   Type           Power      Damage    Failure   Level
 Passwall                 Tmut/Erth      32%        N/A       1%          2
 Sting                    Tmut/Pois      60%        1d6       6%          1
 Animate Skeleton         Necr           26%        N/A       8%          1
 Corona                   Hex            14%        N/A       8%          1
 Freeze                   Ice            52%        1d7       8%          1
 Magic Dart               Conj           52%        1d5       8%          1
 Pain                     Necr           52%        1d6       8%          1
 Shock                    Conj/Air       52%        1d6       8%          1
 Ensorcelled Hibernation  Hex/Ice        26%        N/A       12%         2
 Poisonous Vapours        Pois/Air       26%        N/A       12%         2
 Searing Ray              Conj           26%        3d4       12%         2
 Swiftness                Air            13%        N/A       12%         2
 Ignite Poison            Fire/Tmut/Pois 15%        N/A       21%         3
 Confusing Touch          Hex            13%        N/A       24%         3
 Dazzling Flash           Conj/Hex       26%        N/A       24%         3
 Frozen Ramparts          Ice            26%        1d4       24%         3
 Mephitic Cloud           Conj/Pois/Air  13%        N/A       24%         3
 Ozocubu's Armour         Ice            13%        N/A       24%         3
 Static Discharge         Conj/Air       13%        N/A       24%         3
 Tukima's Dance           Hex            13%        N/A       24%         3
 Vampiric Draining        Necr           6%         2d6       24%         3
 Airstrike                Air            6%         N/A       61%         4
 Animate Dead             Necr           6%         N/A       61%         4
 Fulminant Prism          Conj/Hex       6%         3d7       61%         4
 Hailstorm                Conj/Ice       13%        3d5       61%         4
 Iskenderun's Mystic Bla  Conj/Tloc      13%        2d5       61%         4
 Olgreb's Toxic Radiance  Pois           13%        N/A       61%         4
 Summon Ice Beast         Ice/Summ       13%        N/A       61%         4
 Agony                    Necr           13%        N/A       91%         5
 Lightning Bolt           Conj/Air       6%         1d18      91%         5


Dungeon Overview and Level Annotations

Branches:
Dungeon (11/15)            Temple (1/1) D:4            Lair (0/6) D:11
    Orc: D:9-12

Altars:
Ashenzari
Cheibriados
Dithmenos
Elyvilon
Fedhas
Gozag
Hepliaklqana
Kikubaaqudgha
Makhleb
Nemelex Xobeh
Okawaru
Qazlal
Ru
Sif Muna
Trog
Uskayaw
Vehumet
Wu Jian
Xom
Yredelemnul
Zin
The Shining One

Shops:
D:8 !=   D:9 (


Message History

Found an escape hatch in the ceiling.
Okay, then.
Okay, then.
As you read the scroll of teleportation, it crumbles to dust.
You feel strangely unstable.
You feel sick.
The water moccasin is no longer paralysed.
You block the guardian serpent's attack.
Your surroundings suddenly seem different.
You feel like a meek peon again.
You feel sick.
A wyvern comes into view.
The wyvern hisses angrily.
A wyvern comes into view.
A black bear comes into view. x4
An orc warrior comes into view. It is wielding a +0 long sword.
A wyvern comes into view.
Found a staircase to the Lair.
You feel sick.
The black bear growls angrily. x2; The orc warrior shouts!
The black bear growls angrily.
The wyvern hisses angrily.
The black bear barely misses you. You block the black bear's attack.
The black bear misses you.
The orc warrior throws a stone.
The stone barely misses you.
The black bear growls angrily.
Found 2 scrolls of enchant armour.
Okay, then.
You feel yourself speed up.
You feel yourself speed up.
You feel sick. The black bear barely misses you.
You block the black bear's attack. x2
The wyvern bites you but does no damage.
The black bear bites you.
* * * LOW HITPOINT WARNING * * *
The black bear claws you but does no damage. x2
The wyvern bites you.
* * * LOW HITPOINT WARNING * * *
The black bear bites you.
* * * LOW HITPOINT WARNING * * *
The black bear claws you but does no damage. x2
The black bear bites you!
You die...

###.....##
##........###
##....♣.♣.... #
#...........♣P#
#......o.......
....P....♣.P...
..........P....
...P..h.l..P.P♣
.....Ph@h♣.....
...hP.l........
........l..P..P
..P............
.......P.......
..............#
###....P.P...##
#.##..?.P...


You could see an orc warrior, 4 black bears and 3 wyverns.

Vanquished Creatures
  Gastronok (D:9)
  Erolcha (D:9)
  A manticore (D:11)
  Joseph (D:7)
  Maggie (D:6)
  A centaur skeleton (D:11)
  A troll (D:10)
  A vampire (D:9)
  A wyvern (D:10)
  A wraith (D:10)
  A water moccasin (D:11)
  3 orc warriors
  2 sky beasts
  2 ice beasts
  2 black bears
  3 ogres
  3 centaurs
  8 bullfrogs
  A gnoll sergeant (D:7)
  A scorpion (D:6)
  20 killer bees
  A wight (D:10)
  An electric eel (D:9)
  4 howler monkeys
  3 centaur zombies
  A quasit (D:9)
  A bullfrog zombie (D:11)
  6 jellies
  Crazy Yiuf (D:6)
  7 orc priests
  3 bullfrog skeletons
  A gnoll shaman (D:4)
  6 hounds
  4 iguanas
  9 orc wizards
  4 worker ants
  A hound skeleton (D:8)
  9 adders
  12 gnolls
  A shadow imp (D:7)
  2 white imps
  A worm (D:3)
  6 leopard geckos
  34 orcs
  2 ball pythons
  6 giant cockroaches
  20 goblins
  12 hobgoblins
  6 jackals
  7 quokkas
  8 bats
  12 kobolds
  A quokka skeleton (D:4)
  8 rats
256 creatures vanquished.

Vanquished Creatures (others)
  3 fungi (D:11)
  13 plants
16 creatures vanquished.

Grand Total: 272 creatures vanquished

Notes
Turn   | Place    | Note
-------+----------+-------------------------------------------
     0 | D:1      | Johnny the Deep Elf Earth Elementalist began the quest for
                  | the Orb.
     0 | D:1      | Reached XP level 1. HP: 10/10 MP: 6/6
   301 | D:1      | Reached XP level 2. HP: 16/16 MP: 6/8
   410 | D:1      | Reached skill level 1 in Fighting
  1135 | D:2      | Reached XP level 3. HP: 19/20 MP: 7/10
  2571 | D:3      | Reached XP level 4. HP: 22/26 MP: 8/11
  2908 | D:3      | Found a shimmering blue altar of Sif Muna.
  3184 | D:3      | Reached skill level 4 in Spellcasting
  3547 | D:3      | Reached XP level 5. HP: 21/31 MP: 1/13
  3967 | D:2      | Learned a level 3 spell: Stone Arrow
  3973 | D:2      | Learned a level 5 spell: Lee's Rapid Deconstruction
  4992 | D:4      | Found a staircase to the Ecumenical Temple.
  5003 | Temple   | Entered the Ecumenical Temple
  5305 | D:4      | Reached XP level 6. HP: 37/37 MP: 12/15
  5318 | D:4      | Reached skill level 5 in Spellcasting
  5609 | D:4      | Found a glowing silver altar of Zin.
  5610 | D:4      | Found a white marble altar of Elyvilon.
  5617 | D:4      | Found a glowing golden altar of the Shining One.
  6837 | D:5      | Entered Level 5 of the Dungeon
  6889 | D:5      | Reached skill level 5 in Earth Magic
  6905 | D:5      | Reached XP level 7. HP: 14/43 MP: 9/17
  7857 | D:6      | Reached skill level 6 in Spellcasting
  8060 | D:6      | Found an ornate altar of the Wu Jian Council.
  8192 | D:6      | Reached skill level 5 in Fighting
  8208 | D:6      | Found a shimmering altar of Xom.
  8555 | D:6      | Noticed Maggie
  8562 | D:6      | Killed Maggie
  8563 | D:6      | Reached skill level 7 in Spellcasting
  8563 | D:6      | Reached XP level 8. HP: 41/51 MP: 16/20
  8716 | D:6      | Found a runed translucent door.
  8717 | D:6      | Noticed Crazy Yiuf
  8797 | D:6      | Killed Crazy Yiuf
  8906 | D:7      | Found an iron altar of Okawaru.
  9018 | D:7      | Became a worshipper of Warmaster Okawaru
  9070 | D:7      | Noticed Joseph
  9080 | D:7      | Learned a level 4 spell: Petrify
  9086 | D:7      | Killed Joseph
  9195 | D:7      | Reached skill level 8 in Spellcasting
  9424 | D:7      | Reached * piety under Okawaru
  9776 | D:8      | Reached XP level 9. HP: 55/56 MP: 19/23
  9837 | D:8      | Reached skill level 1 in Shields
 10101 | D:8      | Found Liampoy's Distillery.
 10106 | D:8      | Bought a potion of curing for 45 gold pieces
 10106 | D:8      | Bought a potion of heal wounds for 75 gold pieces
 10106 | D:8      | Bought 2 potions of brilliance for 120 gold pieces
 10106 | D:8      | Bought a potion of flight for 45 gold pieces
 10364 | D:8      | Found a white marble altar of Elyvilon.
 10762 | D:8      | Found the +10 dark maul {vorpal}
 10766 | D:8      | Found Bura's Jewellery Boutique.
 10874 | D:8      | Found a hide-covered altar of Uskayaw.
 10874 | D:8      | Found a snail-covered altar of Cheibriados.
 11042 | D:9      | Reached ** piety under Okawaru
 11084 | D:9      | Found Vaniunua's Weapon Shoppe.
 11183 | D:9      | Bought 21 stones for 27 gold pieces
 11187 | D:9      | Noticed Erolcha
 11197 | D:9      | Reached skill level 9 in Spellcasting
 11200 | D:9      | Killed Erolcha
 11340 | D:9      | Reached XP level 10. HP: 42/64 MP: 16/25
 11694 | D:9      | Noticed Gastronok
 11775 | D:9      | Killed Gastronok
 11775 | D:9      | Reached *** piety under Okawaru
 11776 | D:9      | Reached skill level 10 in Spellcasting
 12444 | D:10     | Entered Level 10 of the Dungeon
 12724 | D:10     | Reached **** piety under Okawaru
 13336 | D:10     | Reached XP level 11. HP: 63/71 MP: 12/27
 13605 | D:11     | Reached skill level 11 in Spellcasting
 13717 | D:11     | Found a staircase to the Lair.
 13719 | D:11     | HP: 2/72 [black bear (2)]
 13719 | D:11     | Slain by a black bear

Illustrated notes

Levels and vault maps discovered:
D:1:      doesnt_arrival_eight_statues, layout_loops_ring
D:2:      layout_basic, serial_curves, eino_curves_01, eino_curves_04
D:3:      minmay_recursive_quarters, layout_basic, led_sif_pool,
          minmay_misc_feat_ornament
D:4:      corexii_shantytown, layout_loops_ring, good_gods_mini_temple,
          minmay_temple_entry_glass, chequers_serial_rivers_micro_e
D:5:      layout_loops_ring, serial_bayou_pond_e, kennysheep_big_empty_room
D:6:      layout_rooms, pdpol_wu_jian_five_deadly_venoms, tgw_xom,
          uniq_crazy_yiuf_cottage, uniq_maggie
D:7:      layout_basic, overflow_temple_1_default, uniq_joseph
D:8:      layout_rooms, gammafunk_temple_overflow_statue, basic_altar,
          serial_shops, nicolae_shop_statue_plus, shop
D:9:      layout_small_grid, serial_shops, shop, serial_bayou_pond_e,
          minivault_26, minivault_4, uniq_gastronok, uniq_erolcha
D:10:     layout_rooms
D:11:     layout_rooms, minmay_lair_entry_grove, nrook_guardian_serpent_ordinary
Temple:   cyrus_circular_temple

Skill      XL: |  1  2  3  4  5  6  7  8  9 10 11 |
---------------+----------------------------------+-----
Fighting       | 1 2 3 4 5 6 8 9 |  9.8
Earth Magic    | 4 5 6 7 8 9 |  9.7
Spellcasting   | 4 5 7 8 9 10 11 | 11.1
Shields        | 3 4 |  4.8
Dodging        | |  2.4
Stealth        | |  2.4
Transmutations | |  1.1

Action                   |  1- 3 |  4- 6 |  7- 9 | 10-12 || total
-------------------------+-------+-------+-------+-------++-------
Melee: Unarmed           |    11 |       |       |       ||    11
       Club              |    30 |    52 |       |       ||    82
       Whip              |       |    52 |    74 |       ||   126
       Trident           |       |       |    18 |    88 ||   106
 Cast: Sandblast         |    56 |    78 |   105 |    56 ||   295
       Stone Arrow       |       |     5 |    23 |    49 ||    77
       Lee's Rapid Decon |       |       |     1 |     8 ||     9
       Petrify           |       |       |     1 |       ||     1
Invok: Heroism           |       |       |       |     2 ||     2
Evoke: Wand              |       |       |    11 |    12 ||    23
  Use: Potion            |       |     4 |       |     4 ||     8
       Scroll            |       |       |    16 |    13 ||    29
 Stab: Sleeping          |     2 |     2 |     2 |       ||     6
       Distracted        |       |     1 |       |       ||     1
Armor: Robe              |    13 |    30 |    12 |       ||    55
       Steam dragon scal |       |       |     2 |       ||     2
       Leather armour    |       |       |    32 |     8 ||    40
       Troll leather arm |       |       |       |    84 ||    84
       Skin              |       |       |       |    18 ||    18
Dodge: Dodged            |    53 |   101 |    81 |   111 ||   346
Block: Other             |       |    22 |    36 |    14 ||    72
       Buckler           |       |       |       |   101 ||   101
       Reflection        |       |       |       |     1 ||     1

Table legend: (Time is in decaauts)
 A = Elapsed time spent in this place.
 B = Non-inter-level travel time spent in this place.
 C = Inter-level travel time spent in this place.
 D = Time resting spent in this place.
 E = Time spent auto-exploring this place.
 F = Levels seen in this place.
 G = Mean time per level.
                   A        B        C        D        E       F      G
               +--------+--------+--------+--------+--------+-----+--------+
         Total |  13811 |  13291 |    520 |   2727 |   8645 |  12 | 1150.9 |
       Dungeon |  13755 |  13245 |    510 |   2727 |   8601 |  11 | 1250.5 |
        Temple |     55 |     45 |     10 |      0 |     44 |   1 |   55.0 |
               +--------+--------+--------+--------+--------+-----+--------+

Top non-repeatable levels by time:
     D:3: 2261 daAuts
     D:4: 2153 daAuts
     D:9: 1487 daAuts
     D:2: 1450 daAuts
     D:6: 1157 daAuts
    D:10: 1096 daAuts
     D:8: 1022 daAuts
     D:5: 993 daAuts
     D:7: 968 daAuts
     D:1: 945 daAuts
    D:11: 220 daAuts
  Temple: 55 daAuts
